 Dungeon Crawl Stone Soup version 0.22.1-6-g1668fe2 (webtiles) character file.

86 Vno the Conjurer (level 4, -2/33 HPs)
             Began as a Draconian Conjurer on Jan 16, 2019.
             Slain by a jackal (3 damage)
             ... on level 4 of the Dungeon on Jan 30, 2019.
             The game lasted 00:09:19 (2040 turns).

Vno the Conjurer (Draconian Conjurer)               Turns: 2040, Time: 00:09:20

Health: -2/33      AC:  5    Str: 10    XL:     4   Next: 27%
Magic:  8/8        EV: 12    Int: 16    God:
Gold:   74         SH:  0    Dex: 12    Spells: 2/8 levels left

rFire    . . .     SeeInvis .   e - +0 short sword
rCold    . . .     Gourm    .   (no shield)
rNeg     . . .     Faith    .   (armour unavailable)
rPois    .         Spirit   .   (helmet restricted)
rElec    .         Reflect  .   (no cloak)
rCorr    .         Harm     .   (no gloves)
MR       .....                  (no boots)
Stlth    ++........             (no amulet)
HPRegen  0.11/turn              (no ring)
MPRegen  0.11/turn              (no ring)

@: no status effects
A: unfitting armour, cold-blooded, AC +5
a: no special abilities


You were on level 4 of the Dungeon.
You were near starving.

You visited 1 branch of the dungeon, and saw 4 of its levels.

You collected 74 gold pieces.

Inventory:

Hand Weapons
 e - a +0 short sword (weapon)
Armour
 h - a +0 robe
Jewellery
 j - an uncursed ring of protection from magic {unknown}
Scrolls
 c - a scroll of remove curse {unknown}
 i - a scroll of immolation {unknown}
 k - 2 scrolls of teleportation {unknown}
Potions
 d - a potion of brilliance
Comestibles
 b - 5 rations


   Skills:
 - Level 1.8 Dodging
 - Level 1.8 Stealth
 * Level 2.9 Spellcasting
 + Level 5.2 Conjurations


You had 2 spell levels left.
You knew the following spells:

 Your Spells              Type           Power        Failure   Level  Hunger
a - Magic Dart            Conj           ###.         2%          1    #......
b - Searing Ray           Conj           ###...       3%          2    ##.....
c - Dazzling Spray        Conj/Hex       ##....       19%         3    ###....

Your spell library contained the following spells:

 Spells                   Type           Power        Failure   Level  Hunger
 Iskenderun's Mystic Bla  Conj           ###.....     22%         4    #####..
 Force Lance              Conj/Tloc      ##......     54%         4    #####..
 Fulminant Prism          Conj/Hex       ##........   54%         4    #####..


Dungeon Overview and Level Annotations

Branches:
Dungeon (4/15)
 Temple: D:4-7

Altars:


Innate Abilities, Weirdness & Mutations

Your plain brown scales are hard. (AC +5)
You cannot fit into any form of body armour.
You are cold-blooded and may be slowed by cold attacks.


Message History

* * * LOW HITPOINT WARNING * * *
The jackal bites you.
* * * LOW HITPOINT WARNING * * *
The jackal misses you. The jackal bites you.
* * * LOW HITPOINT WARNING * * *
The jackal bites you.
* * * LOW HITPOINT WARNING * * *
The jackal closely misses you. The jackal barely misses you.
The jackal bites you but does no damage.
The jackal barely misses you.
The jackal bites you but does no damage.
The jackal bites you.
* * * LOW HITPOINT WARNING * * *
The jackal bites you but does no damage.
The jackal bites you.
* * * LOW HITPOINT WARNING * * *
The jackal bites you but does no damage.
The jackal bites you.
You die...

. ##+# .#
###..###+#####.#
#..............#
#...h..........#
#..@h..........#
#########..#####
######..##
#...#....#...
#...#........#
#...<#.......#
##############


You could see 2 jackals.

Vanquished Creatures
  4 adders
  An adder skeleton (D:4)
  A worm (D:2)
  2 dart slugs (D:1)
  A leopard gecko (D:1)
  2 giant cockroaches (D:1)
  5 goblins
  4 hobgoblins
  6 jackals
  3 kobolds
  A quokka (D:2)
  3 bats
  5 frilled lizards (D:1)
  4 rats
42 creatures vanquished.

Notes
Turn   | Place    | Note
-------+----------+-------------------------------------------
     0 | D:1      | Vno the Draconian Conjurer began the quest for the Orb.
     0 | D:1      | Reached XP level 1. HP: 14/14 MP: 3/3
   325 | D:1      | Reached XP level 2. HP: 19/20 MP: 0/5
   603 | D:1      | Learned a level 2 spell: Searing Ray
  1125 | D:2      | Reached XP level 3. HP: 26/26 MP: 1/6
  1246 | D:2      | Reached skill level 5 in Conjurations
  1301 | D:2      | Learned a level 3 spell: Dazzling Spray
  1722 | D:2      | Reached XP level 4. HP: 13/33 MP: 3/8
  1829 | D:3      | HP: 1/33 [adder (3)]
  2040 | D:4      | HP: 1/33 [jackal (2)]
  2040 | D:4      | Slain by a jackal

Skill      XL: |  1  2  3 |
---------------+----------+-----
Conjurations   | 5 |  5.2
Dodging        | |  1.8
Stealth        | |  1.8
Spellcasting   | |  2.9

Action                   |  1- 3 |  4- 6 || total
-------------------------+-------+-------++-------
Melee: Short sword       |    30 |    14 ||    44
       Tailslap          |     3 |       ||     3
 Cast: Magic Dart        |    46 |     4 ||    50
       Searing Ray       |     5 |     2 ||     7
  Use: Potion            |       |     4 ||     4
 Stab: Sleeping          |     1 |     1 ||     2
  Eat: Chunk             |     3 |       ||     3
Armor: Skin              |    29 |    35 ||    64
Dodge: Dodged            |    50 |    68 ||   118
